Map: Lerilak Crest

Players

lesha

  • Race: Terran Terran
  • League: Silver

Nathaniel - Winner!

  • Race: Protoss Protoss
  • League: Gold

VOD

Have the link to the VOD?

Description

Time

  • Played on: Dec. 10, 2015, 11:28 a.m.
  • Length: 8:58
Show
View Real Time Build Order
Export as new Build Order

lesha Terran 

Build Orders:  

Get SALT Encoding   

  12  0:02  SCV  
  13  0:14  SCV  
  13  0:18  Supply Depot  
  14  0:26  SCV  
  15  0:31  Refinery  
  15  0:40  SCV  
  16  0:45  Barracks  
  16  1:04  SCV  
  17  1:13  Refinery  
  17  1:16  SCV  
  18  1:28  SCV  
  19  1:35  Command Center  
  19  1:39  Marine  
  20  1:48  Supply Depot  
  20  1:50  SCV  
  21  2:02  SCV  
  22  2:10  Factory  
  22  2:11  Marine  
  22  2:15  SCV  
  24  2:36  SCV  
  25  2:52  SCV  
  25  2:57  Factory Tech Lab  
  26  3:00  Marine  
  28  3:06  Orbital Command  
  28  3:07  Orbital Command  
  27  3:17  Siege Tank  
  27  3:18  Marine  
  31  3:25  Starport  
  31  3:35  Supply Depot  
  31  3:49  Orbital Command  
  31  3:54  Marine  
  32  3:56  Siege Tank  
  32  4:02  SCV  
  36  4:12  Marine  
  36  4:14  SCV  
  38  4:18  Barracks  
  38  4:21  SCV, Barracks  
  38  4:23  Barracks  
  39  4:26  SCV  
  40  4:33  SCV  
  41  4:39  SCV, Starport Reactor  
  42  4:51  SCV x2  
  44  5:00  Bunker  
  44  5:10  Barracks Tech Lab  
  44  5:11  Barracks Reactor  
  44  5:12  Barracks Reactor  
  44  5:20  Engineering Bay  
  44  5:21  SCV  
  44  5:22  SCV, Engineering Bay  
  44  5:24  Command Center  
  46  5:42  Refinery  
  48  5:43  Refinery, Marauder  
  48  5:44  Medivac  
  48  5:45  Barracks Tech Lab, Medivac  
  48  5:48  Barracks Reactor  
  38  6:26  Viking  
  40  6:34  SCV x2  
  42  6:43  Missile Turret  
  42  6:46  SCV x2  
  42  6:47  Missile Turret  
  44  6:48  Missile Turret  
  44  6:49  Marine  
  44  6:50  Marine x3  
  44  6:51  Marauder  
  44  6:53  Marine x2  
  52  6:55  Medivac  
  52  6:58  SCV x2  
  56  7:07  Marine x2  
  56  7:08  Marine x2  
  60  7:11  Marine  
  60  7:12  Marauder, Orbital Command  
  60  7:15  SCV x2  
  65  7:19  Marine  
  66  7:25  Marine x2  
  66  7:27  SCV  
  69  7:59  Supply Depot  
  69  8:02  Supply Depot  
  69  8:21  SCV x3, Marine x5  
  77  8:32  Marine  
  77  8:33  SCV x3  
  81  8:34  Supply Depot  
  81  8:35  Supply Depot, Marauder  
Show
View Real Time Build Order
Export as new Build Order

Nathaniel Protoss - Winner!

Build Orders: Nexus First 

Get SALT Encoding   

  12  0:02  Probe (Chrono Boost)  
  13  0:12  Probe (Chrono Boost)  
  14  0:20  Pylon  
  14  0:23  Probe (Chrono Boost)  
  15  0:39  Probe (Chrono Boost)  
  16  0:49  Probe (Chrono Boost)  
  17  1:00  Nexus  
  17  1:12  Gateway  
  17  1:18  Assimilator  
  17  1:26  Probe (Chrono Boost)  
  18  1:36  Gateway  
  18  1:37  Probe (Chrono Boost)  
  19  1:45  Assimilator  
  19  1:47  Probe (Chrono Boost)  
  20  1:56  Pylon  
  20  1:58  Probe (Chrono Boost)  
  21  2:02  Cybernetics Core  
  22  2:08  Probe (Chrono Boost)  
  22  2:12  Probe (Chrono Boost)  
  23  2:19  Probe (Chrono Boost)  
  24  2:23  Probe (Chrono Boost)  
  25  2:30  Pylon  
  25  2:33  Probe (Chrono Boost), Pylon  
  26  2:43  Adept  
  30  2:44  Mothership Core (Chrono Boost)  
  30  2:47  Warp Gate (Chrono Boost)  
  30  2:49  Probe  
  31  3:01  Robotics Facility  
  31  3:04  Probe  
  32  3:10  Pylon  
  32  3:16  Probe  
  32  3:17  Probe  
  34  3:26  Probe  
  34  3:29  Probe  
  34  3:32  Adept x2  
  40  3:41  Probe, Stargate  
  40  3:42  Probe  
  40  3:45  Assimilator  
  42  3:49  Assimilator  
  42  4:05  Gateway  
  42  4:06  Gateway  
  42  4:08  Pylon  
  42  4:09  Probe  
  42  4:10  Probe  
  44  4:19  Observer (Chrono Boost), Forge  
  45  4:34  Gateway  
  45  4:35  Gateway  
  45  4:40  Gateway  
  45  4:46  Probe  
  45  4:47  Probe  
  47  4:56  Probe  
  47  4:59  Probe  
  49  5:01  Protoss Ground Weapons Level 1  
  49  5:02  Oracle (Chrono Boost)  
  49  5:05  Immortal  
  56  5:07  Probe  
  56  5:11  Probe  
  58  5:36  Pylon  
  58  5:42  Photon Cannon  
  58  5:44  Immortal  
  58  5:46  Pylon  
  62  5:56  Pylon  
  62  5:59  Pylon  
  62  6:02  Pylon  
  62  6:26  Stalker  
  62  6:27  Stalker x4  
  62  6:32  Immortal  
  76  6:37  Adept  
  76  6:38  Adept  
  80  6:53  Adept x2  
  80  6:54  Adept x3  
  90  7:12  Adept x2  
  94  7:26  Robotics Bay  
  94  7:35  Warp Prism  
  96  7:38  Nexus  
  96  7:40  Assimilator  
  96  7:46  Assimilator  
  96  7:48  Pylon  
  96  7:50  Pylon  
  96  7:52  Pylon  
  96  8:15  Stalker x2  
  96  8:16  Stalker x5  
Tags
 
Add a new tag
Caveats
  • Supply blocks, unpowered buildings, or Contaminate may cause inaccurate times.
  • Supply counts are checked every 10 seconds.